[ AOE2 MATCH · #493856866 ]
UnrankedJapanese vs Mongols
Player's team · WIN
Rival team · LOSS
[ REPLAY ANALYSIS · EXTRACTED FROM THE RECORDED GAME ]
Feudal
8:58
Castle
—
Imperial
—
| APM avg | 45.4 |
| APM peak | 64 |
| eAPM avg | 19.0 |
| Villagers / military | 34 / 17 |
Focus
⚔️ 39.7% · 🌾 60.3%
Archer ×14 · Militia ×2 · Spearman ×1 · Unknown (2626) ×1
Feudal
11:28
Castle
—
Imperial
—
| APM avg | 43.4 |
| APM peak | 80 |
| eAPM avg | 19.5 |
| Villagers / military | 41 / 9 |
Focus
⚔️ 38.1% · 🌾 61.9%
Archer ×9 · Fishing Ship ×7
Match map
Initial resources + every placement click. Lines = walls · curves = elevation contours. ◆ gold · ⬟ stone · ● berries · ✦ relic · ◌ wall gap
Your base· Open — unwalled flank
WakoTabacco's base· Open — unwalled flank
Smoothed initial terrain · ◌ = detected wall gap · hover for details
Inputs per minute
— aoclearnRageForest - - WakoTabacco
Build order — aoclearnRageForest
97 actions detected in the replay
| 0:01 | Create | Villager (Male) |
| 0:01 | Create | Villager (Male) |
| 0:02 | Build | House |
| 0:03 | Build | House |
| 0:24 | Create | Villager (Male) |
| 0:24 | Create | Villager (Male) |
| 1:32 | Create | Villager (Male) |
| 1:33 | Create | Villager (Male) |
| 1:53 | Create | Villager (Male) |
| 2:20 | Create | Villager (Male) |
| 2:26 | Create | Militia |
| 2:34 | Create | Villager (Male) |
| 2:35 | Build | Lumber Camp |
| 2:51 | Create | Militia |
| 3:04 | Create | Villager (Male) |
| 3:10 | Build | House |
| 3:37 | Create | Villager (Male) |
| 3:37 | Create | Villager (Male) |
| 4:23 | Create | Villager (Male) |
| 4:24 | Create | Villager (Male) |
| 5:02 | Build | House |
| 5:03 | Create | Villager (Male) |
| 5:42 | Create | Villager (Male) |
| 6:10 | Research | Loom |
| 6:48 | Research | Feudal Age |
| 7:06 | Build | Mining Camp |
| 8:58 | Age | Feudal Age |
| 9:01 | Build | Archery Range |
| 9:05 | Create | Villager (Male) |
| 9:15 | Build | Blacksmith |
| 9:26 | Create | Villager (Male) |
| 9:28 | Research | Double-Bit Axe |
| 9:40 | Build | Mill |
| 9:51 | Create | Archer |
| 9:55 | Build | House |
| 9:58 | Create | Villager (Male) |
| 10:05 | Create | Archer |
| 10:29 | Research | Fletching |
| 10:33 | Create | Villager (Male) |
| 10:37 | Build | Watch Tower |
| 10:43 | Build | Watch Tower |
| 10:48 | Create | Villager (Male) |
| 10:51 | Build | Farm |
| 11:01 | Build | Palisade Wall |
| 11:02 | Build | Palisade Wall |
| 11:02 | Build | Palisade Wall |
| 11:03 | Create | Archer |
| 11:14 | Create | Villager (Male) |
| 11:24 | Create | Archer |
| 11:42 | Create | Villager (Male) |
| 11:43 | Build | Farm |
| 11:51 | Create | Archer |
| 12:01 | Create | Villager (Male) |
| 12:10 | Create | Archer |
| 12:17 | Build | House |
| 12:19 | Build | Mining Camp |
| 12:43 | Build | House |
| 12:46 | Create | Villager (Male) |
| 13:00 | Create | Villager (Male) |
| 13:04 | Build | Dock |
| 13:07 | Build | Palisade Wall |
| 13:08 | Build | Palisade Wall |
| 13:09 | Build | Palisade Wall |
| 13:13 | Build | House |
| 13:15 | Create | Archer |
| 13:26 | Create | Spearman |
| 13:35 | Create | Archer |
| 13:52 | Create | Unit 2626 |
| 13:58 | Create | Villager (Male) |
| 14:12 | Create | Archer |
| 14:14 | Create | Villager (Male) |
| 14:38 | Build | House |
| 14:50 | Create | Villager (Male) |
| 14:58 | Create | Villager (Male) |
| 15:00 | Build | Farm |
| 15:27 | Create | Archer |
| 15:34 | Build | Watch Tower |
| 15:36 | Build | Palisade Wall |
| 15:36 | Build | Palisade Wall |
| 15:37 | Build | Palisade Wall |
| 15:37 | Build | Palisade Wall |
| 15:46 | Create | Archer |
| 15:53 | Build | Farm |
| 15:54 | Build | Farm |
| 15:59 | Create | Villager (Male) |
| 16:00 | Build | Farm |
| 16:19 | Create | Archer |
| 16:27 | Build | House |
| 16:28 | Create | Villager (Male) |
| 16:30 | Create | Villager (Male) |
| 16:38 | Create | Archer |
| 16:53 | Build | Farm |
| 16:55 | Build | House |
| 17:01 | Create | Villager (Male) |
| 17:06 | Create | Archer |
| 17:10 | Build | Outpost |
| 17:12 | Build | Outpost |
Build order — WakoTabacco
104 actions detected in the replay
| 0:01 | Create | Villager (Male) |
| 0:01 | Create | Villager (Male) |
| 0:01 | Create | Villager (Male) |
| 0:03 | Build | House |
| 0:05 | Build | House |
| 0:15 | Create | Villager (Male) |
| 0:15 | Create | Villager (Male) |
| 1:26 | Create | Villager (Male) |
| 1:26 | Create | Villager (Male) |
| 2:02 | Create | Villager (Male) |
| 2:02 | Create | Villager (Male) |
| 2:14 | Create | Villager (Male) |
| 2:15 | Create | Villager (Male) |
| 2:31 | Build | Lumber Camp |
| 2:58 | Create | Villager (Male) |
| 2:58 | Create | Villager (Male) |
| 2:58 | Create | Villager (Male) |
| 2:58 | Create | Villager (Male) |
| 3:11 | Build | House |
| 3:47 | Create | Villager (Male) |
| 3:47 | Create | Villager (Male) |
| 4:04 | Create | Villager (Male) |
| 4:05 | Create | Villager (Male) |
| 4:14 | Create | Villager (Male) |
| 4:42 | Create | Villager (Male) |
| 4:43 | Create | Villager (Male) |
| 4:50 | Build | Dock |
| 5:11 | Build | House |
| 5:17 | Create | Villager (Male) |
| 5:17 | Create | Villager (Male) |
| 5:17 | Create | Villager (Male) |
| 5:45 | Create | Fishing Ship |
| 5:50 | Build | Palisade Wall |
| 5:52 | Build | Palisade Wall |
| 5:56 | Build | Palisade Wall |
| 6:04 | Research | Loom |
| 6:04 | Research | Loom |
| 6:06 | Build | Palisade Wall |
| 6:10 | Build | Palisade Wall |
| 6:12 | Build | Palisade Wall |
| 6:14 | Build | Palisade Wall |
| 6:23 | Create | Villager (Male) |
| 6:35 | Create | Villager (Male) |
| 7:01 | Create | Fishing Ship |
| 7:07 | Build | House |
| 7:09 | Build | Palisade Wall |
| 7:11 | Build | Palisade Wall |
| 8:03 | Create | Villager (Male) |
| 8:04 | Create | Villager (Male) |
| 8:09 | Build | Mill |
| 8:36 | Create | Villager (Male) |
| 8:37 | Create | Fishing Ship |
| 8:38 | Create | Fishing Ship |
| 9:12 | Research | Feudal Age |
| 9:12 | Research | Feudal Age |
| 9:42 | Build | House |
| 9:46 | Build | Palisade Wall |
| 9:56 | Build | Mining Camp |
| 10:01 | Build | Palisade Wall |
| 10:02 | Build | Palisade Wall |
| 10:03 | Build | Palisade Wall |
| 10:04 | Build | Palisade Wall |
| 10:16 | Create | Fishing Ship |
| 10:47 | Build | House |
| 10:50 | Build | House |
| 10:52 | Build | House |
| 11:04 | Create | Villager (Male) |
| 11:10 | Create | Fishing Ship |
| 11:11 | Create | Fishing Ship |
| 11:28 | Age | Feudal Age |
| 11:29 | Build | Lumber Camp |
| 11:41 | Create | Villager (Male) |
| 12:00 | Build | Archery Range |
| 12:25 | Create | Villager (Male) |
| 12:26 | Create | Villager (Male) |
| 12:42 | Create | Archer |
| 13:01 | Create | Archer |
| 13:08 | Build | Blacksmith |
| 13:37 | Research | Fletching |
| 13:37 | Research | Fletching |
| 13:38 | Create | Archer |
| 14:02 | Create | Villager (Male) |
| 14:03 | Create | Villager (Male) |
| 14:15 | Create | Archer |
| 14:19 | Build | Archery Range |
| 14:21 | Build | Mill |
| 14:26 | Research | Double-Bit Axe |
| 14:26 | Research | Double-Bit Axe |
| 14:36 | Create | Archer |
| 14:50 | Create | Archer |
| 14:54 | Research | Padded Archer Armor |
| 14:55 | Research | Padded Archer Armor |
| 14:56 | Create | Villager (Male) |
| 14:57 | Create | Villager (Male) |
| 15:03 | Build | House |
| 15:27 | Create | Archer |
| 15:35 | Build | Archery Range |
| 15:42 | Build | Market |
| 15:59 | Create | Archer |
| 16:10 | Create | Villager (Male) |
| 16:18 | Create | Archer |
| 16:39 | Build | Lumber Camp |
| 16:47 | Create | Villager (Male) |
| 16:48 | Create | Villager (Male) |
Match timeline
| 4:50 | WakoTabacco · first_building Dock |
| 5:50 | WakoTabacco · wall_segment Palisade Wall x1 |
| 5:52 | WakoTabacco · wall_segment Palisade Wall x1 |
| 5:56 | WakoTabacco · wall_segment Palisade Wall x1 |
| 6:06 | WakoTabacco · wall_segment Palisade Wall x1 |
| 6:10 | WakoTabacco · wall_segment Palisade Wall x1 |
| 6:12 | WakoTabacco · wall_segment Palisade Wall x1 |
| 6:14 | WakoTabacco · wall_segment Palisade Wall x1 |
| 7:09 | WakoTabacco · wall_segment Palisade Wall x1 |
| 7:11 | WakoTabacco · wall_segment Palisade Wall x1 |
| 8:58 | aoclearnRageForest · age_up feudal |
| 9:01 | aoclearnRageForest · first_building Archery Range |
| 9:46 | WakoTabacco · wall_segment Palisade Wall x7 |
| 10:01 | WakoTabacco · wall_segment Palisade Wall x1 |
| 10:02 | WakoTabacco · wall_segment Palisade Wall x2 |
| 10:03 | WakoTabacco · wall_segment Palisade Wall x1 |
| 10:04 | WakoTabacco · wall_segment Palisade Wall x1 |
| 11:01 | aoclearnRageForest · wall_segment Palisade Wall x1 |
| 11:02 | aoclearnRageForest · wall_segment Palisade Wall x1 |
| 11:02 | aoclearnRageForest · wall_segment Palisade Wall x1 |
| 11:28 | WakoTabacco · age_up feudal |
| 12:00 | WakoTabacco · first_building Archery Range |
| 13:04 | aoclearnRageForest · first_building Dock |
| 13:07 | aoclearnRageForest · wall_segment Palisade Wall x1 |
| 13:08 | aoclearnRageForest · wall_segment Palisade Wall x1 |
| 13:09 | aoclearnRageForest · wall_segment Palisade Wall x1 |
| 15:36 | aoclearnRageForest · wall_segment Palisade Wall x1 |
| 15:36 | aoclearnRageForest · wall_segment Palisade Wall x1 |
| 15:37 | aoclearnRageForest · wall_segment Palisade Wall x1 |
| 15:37 | aoclearnRageForest · wall_segment Palisade Wall x1 |
| 17:04 | WakoTabacco · first_market_sell 100 stone |
| 17:06 | WakoTabacco · first_market_buy 100 food |
| 17:23 | WakoTabacco · resign |
[ AI ANALYSIS · 1 CREDIT ]
What really happened in this match?
Wolo.gg analyzes every decision: build order, eco, micro, common mistakes by bracket. Personalized analysis on WhatsApp or Discord in 30 seconds.
Civ guide
Japanese
Perfil
aoclearnRageForest